 Dungeon Crawl Stone Soup version 0.30-a0-377-g5cb311bc9f (webtiles) character file.

Game seed: 785177564380904127

185 sleeves the Insei (level 5, 0/37 HPs)
             Began as a Demonspawn Transmuter on Nov 28, 2022.
             Killed from afar by an orc wizard (8 damage)
             ... with a magic dart
             ... on level 3 of the Dungeon.
             The game lasted 00:04:01 (2606 turns).

sleeves the Insei (Demonspawn Transmuter)           Turns: 2606, Time: 00:04:01

Health: 0/37       AC:  2    Str: 12    XL:     5   Next: 37%
Magic:  5/8        EV: 12    Int: 14    God:
Gold:   193        SH:  5    Dex: 14    Spells: 7/8 levels left

rFire   . . .      SeeInvis .      - Unarmed
rCold   . . .      Faith    .    (no shield)
rNeg    . . .      Spirit   .    a - +0 robe
rPois   .          Reflect  +    (helmet currently unavailable)
rElec   .          Harm     .    (no cloak)
rCorr   .          Rampage  .    (no gloves)
Will    .....                    (boots currently unavailable)
Stlth   +.........               p - amulet of reflection
HPRegen 0.26/turn                (no ring)
MPRegen 0.11/turn                (no ring)

@: appendages
A: horns 2, talons 2, demonic magic 1
a: End Transformation


You were on level 3 of the Dungeon.
You had temporarily grown beastly horns and talons.
You visited 1 branch of the dungeon, and saw 3 of its levels.

You collected 193 gold pieces.

Inventory:

Missiles
 h - 4 poisoned darts
Armour
 a - a +0 robe (worn)
Jewellery
 o - a ring of fire
   (You found it on level 3 of the Dungeon)
 p - an amulet of reflection (around neck)
   (You found it on level 3 of the Dungeon)
Wands
 j - a wand of polymorph (9)
   (You found it on level 2 of the Dungeon)
Scrolls
 c - 3 scrolls of teleportation {unknown}
 d - 7 scrolls of identify {unknown}
 i - a scroll of immolation {unknown}
 l - a scroll of brand weapon {unknown}
 n - a scroll of fear {unknown}
Potions
 b - a potion of lignification
 e - a potion of heal wounds {unknown}
 f - a potion of ambrosia {unknown}
 g - a potion of experience {unknown}
 k - a potion of degeneration {unknown}
 m - a potion of haste {unknown}
 q - a potion of attraction {unknown}
 r - a potion of brilliance {unknown}


   Skills:
 - Level 1.0 Fighting
 - Level 1.7 Dodging
 + Level 5.6 Unarmed Combat
 - Level 2.0 Spellcasting
 - Level 1.7 Transmutations


You had 7 spell levels left.
You knew the following spells:

 Your Spells              Type           Power      Damage    Failure   Level
a - Beastly Appendage     Tmut           12%        N/A       12%         1

Your spell library contained the following spells:

 Spells                   Type           Power      Damage    Failure   Level
 Wereblood                Tmut           6%         N/A       17%         2
 Spider Form              Tmut/Pois      3%         N/A       45%         3
 Ice Form                 Ice/Tmut       3%         N/A       86%         4


Dungeon Overview and Level Annotations

Branches:
Dungeon (3/15)

Altars:
Sif Muna


Innate Abilities, Weirdness & Mutations

You have temporarily grown beastly horns and talons.
Spells you cast may paralyse adjacent enemies.


Message History

Found a scroll labelled JIMYHA XOPN.
The hobgoblin hits you.
The jackal barks!
You hit the hobgoblin.
The hobgoblin is lightly wounded.
You hear an angry hiss.
You hear a bark!
A ball python comes into view.
The hobgoblin hits you. The jackal bites you.
You hit the hobgoblin.
The hobgoblin is moderately wounded.
The hobgoblin barely misses you.
A jackal comes into view.
You hit the hobgoblin.
The hobgoblin is heavily wounded.
The hobgoblin hits you. The jackal bites you. The jackal closely misses you.
The jackal attacks as you move away! The jackal bites you.
You are too injured to fight recklessly!
Casting: Beastly Appendage (safe; 12% risk of failure)
Confirm with . or Enter, or press ? or * to list all spells.
You grow a pair of large bovine horns.
Your feet morph into talons.
Malevolent energies surge around you. The jackal barely misses you.
The jackal bites you.
* * * LOW HITPOINT WARNING * * *
You hit the jackal but do no damage. You claw the jackal.
The jackal is moderately wounded.
The jackal completely misses you.
You hit the jackal but do no damage. You claw the jackal.
You kill the jackal!
You barely miss the ball python. Your kick misses the ball python.
The ball python bites you.
* * * LOW HITPOINT WARNING * * *
The ball python barely misses you.
You barely miss the ball python. The ball python barely misses you.
The ball python grabs you. The ball python constricts you.
You completely miss the ball python.
Your transformation is almost over.
The ball python bites you.
* * * LOW HITPOINT WARNING * * *
The ball python constricts you.
You closely miss the ball python. The ball python barely misses you.
The ball python constricts you. The ball python misses you.
The ball python constricts you.
* * * LOW HITPOINT WARNING * * *
Casting: Beastly Appendage (safe; 12% risk of failure)
Confirm with . or Enter, or press ? or * to list all spells.
You extend your transformation's duration.
Malevolent energies surge around you.
The ball python suddenly stops moving!
The ball python loses its grip on you.
The helpless ball python fails to defend itself.
You punch the ball python!
You kill the ball python!
Casting: Beastly Appendage (safe; 12% risk of failure)
Confirm with . or Enter, or press ? or * to list all spells.
You extend your transformation's duration.
Malevolent energies surge around you.
The jackal suddenly stops moving!
The helpless jackal fails to defend itself.
You hit the jackal. You claw the jackal. You headbutt the jackal.
You kill the jackal!
You hit the jackal. You headbutt the jackal.
You kill the jackal!
You hit the hobgoblin.
You kill the hobgoblin!
Things that are here:
a hobgoblin corpse; a jackal corpse; a jackal corpse Your transformation is almost over.
Your horns disappear.
Your talons disappear.
e - a murky pink potion
Things that are here:
a hobgoblin corpse; a jackal corpse; a jackal corpse
Found a club.
d - 2 scrolls labelled JIMYHA XOPN (gained 1)
You now have 70 gold pieces (gained 13).
Found a ring mail.
There is a stone staircase leading down here.
A ball python comes into view.
A ball python is nearby!
A ball python is nearby!
A ball python is nearby!
The ball python barely misses you. x2
You closely miss the ball python. The ball python barely misses you. x2
The ball python closely misses you. The ball python grabs you.
The ball python constricts you.
You barely miss the ball python. The ball python barely misses you.
The ball python constricts you.
You closely miss the ball python. The ball python closely misses you.
The ball python constricts you.
You hit the ball python.
You kill the ball python!
No target in view!
No target in view!
No target in view!
You see here a ball python corpse.
A bat comes into view.
A bat is nearby!
A bat is nearby!
You closely miss the bat. The bat closely misses you.
You closely miss the bat. The bat closely misses you.
The bat barely misses you. The bat hits you.
You hit the bat.
You kill the bat!
No target in view!
No target in view!
No target in view!
No target in view!
No target in view!
No target in view!
No target in view!
You see here a bat corpse.
A kobold comes into view. It is wielding a +0 whip.
A kobold is nearby!
A kobold is nearby!
You hit the kobold.
The kobold is severely wounded.
The kobold hits you with a +0 whip.
You barely miss the kobold.
The kobold is severely wounded.
You hit the kobold but do no damage.
The kobold is severely wounded.
The kobold barely misses you.
You miss the kobold.
The kobold is severely wounded.
The kobold hits you but does no damage.
You hit the kobold.
You kill the kobold!
No target in view!
No target in view!
No target in view!
No target in view!
No target in view!
No target in view!
No target in view!
No target in view!
No target in view!
Found a robe.
Found a stone staircase leading down.
You see here a +0 robe.
A quokka comes into view.
The quokka bites you.
A quokka is nearby!
A quokka is nearby!
A quokka is nearby!
You hit the quokka.
The quokka is moderately wounded.
The quokka misses you.
You hit the quokka but do no damage.
The quokka is moderately wounded.
The quokka bites you.
You hit the quokka.
The quokka is severely wounded.
The quokka barely misses you.
You closely miss the quokka.
The quokka is severely wounded.
The quokka bites you.
You hit the quokka.
You kill the quokka!
No target in view!
No target in view!
No target in view!
No target in view!
No target in view!
No target in view!
No target in view!
No target in view!
No target in view!
You see here a quokka corpse.
A goblin comes into view. It is wielding a +0 dagger.
The goblin shouts!
A goblin is nearby!
A goblin is nearby!
The goblin hits you with a +0 dagger.
You hit the goblin.
You kill the goblin!
You have reached level 3!
Your experience leads to an increase in your attributes!
Increase (S)trength, (I)ntelligence, or (D)exterity?
You feel stronger. x2
You see here a +0 dagger.
You now have 80 gold pieces (gained 10).
Key pressed, stopping explore.
Done exploring.
Done exploring.
Done exploring.
Done exploring.
Done exploring.
Done exploring.
(D) Dungeon
Where to? (? - help)
There is a stone staircase leading down here.
You climb downwards.
Found a glowing grey potion.
There is a stone staircase leading up here.
Found a stone staircase leading down.
f - a glowing grey potion You now have 89 gold pieces (gained 9).
Found a stone staircase leading up.
Found 4 poisoned darts.
You see here 4 poisoned darts.
g - a fizzy purple potion A hobgoblin comes into view.
Found 15 gold pieces.
The hobgoblin shouts!
A hobgoblin is nearby!
You hit the hobgoblin.
The hobgoblin is lightly wounded.
You closely miss the hobgoblin.
The hobgoblin is lightly wounded.
The hobgoblin closely misses you.
You hit the hobgoblin.
The hobgoblin is moderately wounded.
The hobgoblin barely misses you.
You hit the hobgoblin.
The hobgoblin is almost dead.
The hobgoblin hits you.
You hit the hobgoblin.
The hobgoblin is almost dead.
The hobgoblin misses you.
You hit the hobgoblin.
You kill the hobgoblin!
No target in view!
No target in view!
No target in view!
No target in view!
No target in view!
Search for what [? for help]? poi HP restored.
You see here 4 poisoned darts.
h - 4 poisoned darts An endoplasm comes into view.
The endoplasm moves out of view.
An adder comes into view.
An adder is nearby!
You throw a poisoned dart. The poisoned dart hits the adder.
The adder is poisoned.
The adder hisses angrily.
You hear a splash.
The adder completely misses you.
You miss the adder.
The adder is lightly wounded.
The adder looks more healthy.
The adder bites you. The adder barely misses you.
You closely miss the adder.
The adder is moderately wounded.
The adder barely misses you.
You hit the adder but do no damage.
The adder is moderately wounded.
The adder closely misses you.
You closely miss the adder.
The adder is moderately wounded.
The adder bites you.
You barely miss the adder.
The adder is moderately wounded.
The adder misses you. The adder bites you.
Casting: Beastly Appendage (safe; 12% risk of failure)
Confirm with . or Enter, or press ? or * to list all spells.
You grow a pair of large bovine horns.
Your feet morph into talons.
Malevolent energies surge around you. The adder bites you.
You hit the adder. You claw the adder.
You kill the adder!
Your Unarmed Combat skill increases to level 4!
You enter the shallow water.
Moving in this stuff is going to be slow.
You see here an adder corpse.
No target in view!
Your transformation is almost over.
Magic restored.
Your horns disappear.
Your talons disappear.
You enter the shallow water.
Moving in this stuff is going to be slow.
h - 4 poisoned darts (gained 1)
You now have 96 gold pieces (gained 7).
i - a scroll labelled ITHREANGILIKK
Found a stone staircase leading down.
Found a barding.
No target in view!
A goblin and an adder come into view.
There are monsters nearby!
There are monsters nearby!
Throw: 4 darts (poison)
Press: ? - help, Q - select action, (/) - cycle Shift-Dir - straight line, f - adder
Aim: an adder (asleep, 98% to hit)
You throw a poisoned dart. The poisoned dart hits the adder.
The adder is poisoned.
The adder hisses angrily.
Throw: 3 darts (poison)
Press: ? - help, Q - select action, (/) - cycle Shift-Dir - straight line, f/p - adder
Aim: an adder (lightly wounded, poisoned, 35% to hit)
You throw a poisoned dart. The poisoned dart hits the adder.
The adder looks even sicker.
The adder is lightly wounded.
The goblin shouts!
Casting: Beastly Appendage (safe; 12% risk of failure)
Confirm with . or Enter, or press ? or * to list all spells.
You grow a pair of large bovine horns.
Your feet morph into talons.
Malevolent energies surge around you. The adder closely misses you.
You closely miss the adder. Your kick misses the adder.
The adder is heavily wounded.
The adder barely misses you.
You miss the adder. You headbutt the adder.
You kill the adder!
Your transformation is almost over.
You hit the goblin. Your kick misses the goblin. You punch the goblin.
You kill the goblin!
Things that are here:
a +0 dagger; a goblin corpse Your horns disappear.
Your talons disappear.
Found a shimmering blue altar of Sif Muna.
An adder comes into view.
You see here 14 gold pieces.
An adder is nearby!
An adder is nearby!
You throw a poisoned dart. The poisoned dart hits the adder.
The adder is poisoned.
The adder hisses angrily.
You throw a poisoned dart.
The poisoned dart closely misses the adder.
Casting: Beastly Appendage (safe; 12% risk of failure)
Confirm with . or Enter, or press ? or * to list all spells.
You grow a pair of large bovine horns.
Your feet morph into talons.
Malevolent energies surge around you. The adder barely misses you.
You hit the adder. You claw the adder. Your headbutt misses the adder.
The adder is heavily wounded.
The adder looks more healthy.
The adder bites you.
You hit the adder.
You kill the adder!
No target in view!
Your transformation is almost over.
You now have 110 gold pieces (gained 14).
Your horns disappear.
Your talons disappear.
h - a poisoned dart
h - 2 poisoned darts (gained 1)
j - a wand of polymorph (9)
There is a shimmering blue altar of Sif Muna here.
h - 4 poisoned darts (gained 2)
k - an emerald potion
Found an escape hatch in the ceiling.
d - 3 scrolls labelled JIMYHA XOPN (gained 1)
Found a quarterstaff.
Found a ring mail.
An endoplasm comes into view.
An endoplasm is nearby!
Found a stone staircase leading down.
Found a coppery potion and a scroll labelled FUAGRE WERINO.
You throw a poisoned dart. The poisoned dart hits the endoplasm.
The endoplasm quivers.
The endoplasm freezes you.
You are frozen.
You punch the endoplasm!
You kill the endoplasm!
No target in view!
No target in view!
An endoplasm comes into view.
You see here a poisoned dart.
An endoplasm is nearby!
An endoplasm is nearby!
An endoplasm is nearby!
A giant cockroach comes into view.
The giant cockroach moves out of view.
You throw a poisoned dart. The poisoned dart hits the endoplasm.
The endoplasm quivers.
You hit the endoplasm but do no damage.
The endoplasm hits you but does no damage.
You hit the endoplasm.
The endoplasm is almost dead.
The endoplasm closely misses you.
You hit the endoplasm but do no damage.
The endoplasm is almost dead.
The endoplasm freezes you.
You are frozen.
You hit the endoplasm.
You kill the endoplasm!
You hit the giant cockroach but do no damage.
The giant cockroach bites you but does no damage.
You hit the giant cockroach but do no damage.
The giant cockroach closely misses you.
You hit the giant cockroach.
You kill the giant cockroach!
No target in view!
No target in view!
No target in view!
No target in view!
No target in view!
No target in view!
l - a scroll labelled FUAGRE WERINO
h - 3 poisoned darts (gained 1)
h - 4 poisoned darts (gained 1)
m - a coppery potion
There is a stone staircase leading down here.
You open the door.
There is an open door here.
You open the door.
A hobgoblin comes into view.
Found a robe.
A hobgoblin is nearby!
An endoplasm and a hobgoblin come into view.
The endoplasm quivers.
The hobgoblin shouts!
There is an open door here.
You punch the endoplasm!
You kill the endoplasm!
The hobgoblin hits you.
There is an open door here.
Casting: Beastly Appendage (safe; 12% risk of failure)
Confirm with . or Enter, or press ? or * to list all spells.
You grow a pair of large bovine horns.
Your feet morph into talons.
Malevolent energies surge around you. The hobgoblin hits you.
You hit the hobgoblin.
You kill the hobgoblin!
You closely miss the hobgoblin. You claw the hobgoblin.
You headbutt the hobgoblin.
You kill the hobgoblin!
You have reached level 4!
You feel agile.
Your transformation is almost over.
Your horns disappear.
Your talons disappear.
There is an open door here.
A goblin comes into view. It is wielding a +0 club.
Found a scroll labelled KALLIDIECS.
A goblin is nearby!
A goblin is nearby!
A goblin is nearby!
Found 11 gold pieces.
Found a stone staircase leading up.
The goblin shouts!
You throw a poisoned dart.
The poisoned dart closely misses the goblin.
The goblin hits you with a +0 club.
You hit the goblin.
The goblin is severely wounded.
The goblin hits you but does no damage.
You closely miss the goblin.
The goblin is severely wounded.
The goblin barely misses you.
You barely miss the goblin.
The goblin is severely wounded.
The goblin drinks a potion.
The goblin is healed!
A goblin is nearby!
A goblin is nearby!
A goblin is nearby!
You barely miss the goblin. The goblin barely misses you.
You closely miss the goblin. The goblin hits you with a +0 club.
You miss the goblin. The goblin barely misses you.
You hit the goblin but do no damage. The goblin barely misses you.
You punch the goblin!
You kill the goblin!
No target in view!
No target in view!
No target in view!
Things that are here:
a +0 club; a goblin corpse
h - 4 poisoned darts (gained 1)
n - a scroll labelled KALLIDIECS You now have 121 gold pieces (gained 11).
You open the door.
There is an open door here.
A quokka comes into view.
A quokka is nearby!
A quokka is nearby!
Casting: Beastly Appendage (safe; 12% risk of failure)
Confirm with . or Enter, or press ? or * to list all spells.
You grow a pair of large bovine horns.
Your feet morph into talons.
Malevolent energies surge around you.
Your transformation is almost over.
You hit the quokka but do no damage. You claw the quokka.
You kill the quokka!
No target in view!
No target in view!
No target in view!
No target in view!
No target in view!
You now have 136 gold pieces (gained 15).
Your horns disappear.
Your talons disappear.
You open the door.
A kobold comes into view. It is wielding a +0 club.
A kobold is nearby!
A kobold is nearby!
There is an open door here.
The kobold shouts!
Casting: Beastly Appendage (safe; 12% risk of failure)
Confirm with . or Enter, or press ? or * to list all spells.
You grow a pair of large bovine horns.
Your feet morph into talons.
Malevolent energies surge around you.
You hit the kobold but do no damage. Your kick misses the kobold.
The kobold hits you but does no damage.
You closely miss the kobold. You claw the kobold.
You kill the kobold!
No target in view!
No target in view!
No target in view!
No target in view!
No target in view!
No target in view!
No target in view!
Your transformation is almost over.
Things that are here:
a +0 club; 2 stones Your horns disappear.
Your talons disappear.
A hobgoblin comes into view.
The hobgoblin shouts!
A kobold comes into view. It is wielding a +0 dagger.
There are monsters nearby!
There are monsters nearby!
Casting: Beastly Appendage (safe; 12% risk of failure)
Confirm with . or Enter, or press ? or * to list all spells.
You grow a pair of large bovine horns.
Your feet morph into talons.
Malevolent energies surge around you.
You punch the hobgoblin!
You kill the hobgoblin!
The kobold throws a stone.
The stone hits you.
Found 15 gold pieces.
You see here a hobgoblin corpse.
The kobold hits you with a +0 dagger.
You hit the kobold.
You kill the kobold!
No target in view!
No target in view!
No target in view!
No target in view!
No target in view!
No target in view!
No target in view!
No target in view!
No target in view!
No target in view!
No target in view!
Your transformation is almost over.
Things that are here:
a +0 dagger; 4 stones Your horns disappear.
Your talons disappear.
You now have 151 gold pieces (gained 15).
You now have 164 gold pieces (gained 13).
Found an escape hatch in the floor.
There is an escape hatch in the floor here.
There is an escape hatch in the floor here.
An endoplasm is nearby!
An endoplasm is nearby!
An endoplasm is nearby!
No target in view!
No target in view!
The endoplasm quivers.
An endoplasm is nearby!
An endoplasm is nearby!
You hit the endoplasm.
You kill the endoplasm!
No target in view!
No target in view!
No target in view!
No target in view!
No target in view!
No target in view!
No target in view!
No target in view!
No target in view!
You open the door.
A quokka comes into view.
A quokka is nearby!
A quokka is nearby!
The quokka barely misses you.
There is an open door here.
You hit the quokka.
The quokka is moderately wounded.
The quokka barely misses you. The quokka bites you.
You hit the quokka.
You kill the quokka!
No target in view!
No target in view!
No target in view!
No target in view!
No target in view!
No target in view!
No target in view!
You see here a quokka corpse.
There is a stone staircase leading down here.
You see here a +0 robe.
Key pressed, stopping explore.
Done exploring.
Done exploring.
Done exploring.
(D) Dungeon
Where to? (Enter - D:2 @ (x,y), ? - help)
There is a stone staircase leading down here.
You climb downwards.
There is a stone staircase leading up here.
A bat comes into view.
A bat is nearby!
A bat is nearby!
The bat hits you. The bat barely misses you.
Casting: Beastly Appendage (safe; 12% risk of failure)
Confirm with . or Enter, or press ? or * to list all spells.
You miscast Beastly Appendage.
You are very lightly contaminated with residual magic.
Nothing appears to happen.
The bat hits you but does no damage. The bat hits you.
You hit the bat.
The bat is moderately wounded.
The bat misses you.
You barely miss the bat. The bat hits you but does no damage.
An orc comes into view. It is wielding a +0 hand axe.
The bat closely misses you. The bat barely misses you. x2
You miss the bat.
The orc shouts!
You hear a shout! x2
The bat hits you but does no damage.
Your magical contamination has completely faded away.
An orc and a goblin come into view.
The orc shouts!
The goblin shouts!
You hear a shout!
The bat closely misses you.
An orc priest comes into view. It is wielding a +0 dagger.
The bat misses you.
The goblin moves out of view.
You hit the bat.
You kill the bat!
You hit the orc.
The orc is severely wounded.
The orc hits you with a +0 hand axe.
The orc priest calls down the wrath of Beogh upon you.
Beogh smites you!
* * * LOW HITPOINT WARNING * * *
You are too injured to fight recklessly!
The orc priest casts a cantrip, but nothing happens.
There is a stone staircase leading up here.
You climb upwards.
There is a stone staircase leading down here.
You start resting.
HP restored.
You climb downwards.
The orc barely misses you.
There is a stone staircase leading up here.
Casting: Beastly Appendage (safe; 12% risk of failure)
Confirm with . or Enter, or press ? or * to list all spells.
You grow a pair of large bovine horns.
Your feet morph into talons.
Malevolent energies surge around you. The orc hits you with a +0 club.
You hit the orc but do no damage. You claw the orc, but do no damage.
Your headbutt misses the orc. You hit the orc but do no damage.
You claw the orc! You headbutt the orc.
You kill the orc!
The orc hits you with a +0 hand axe.
You hit the orc.
The orc is moderately wounded.
The orc closely misses you.
You closely miss the orc. You claw the orc, but do no damage.
You headbutt the orc.
You kill the orc!
You closely miss the goblin. You claw the goblin.
You kill the goblin!
No target in view!
Your transformation is almost over.
The orc priest closely misses you.
Things that are here:
a +0 dagger; a +0 hand axe; a +0 leather armour You hit the orc priest.
You claw the orc priest!
The orc priest is severely wounded.
You hit the orc priest.
You kill the orc priest!
Your Unarmed Combat skill increases to level 5!
Magic restored.
Your horns disappear.
Your talons disappear.
HP restored.
Things that are here:
a +0 dagger; an orc corpse
o - a ring of fire
d - 4 scrolls labelled JIMYHA XOPN (gained 1)
A hobgoblin comes into view.
A hobgoblin is nearby!
A hobgoblin is nearby!
The hobgoblin shouts!
The hobgoblin hits you.
You grow a pair of large bovine horns.
Your feet morph into talons.
Malevolent energies surge around you. The hobgoblin hits you.
You closely miss the hobgoblin. You claw the hobgoblin.
You kill the hobgoblin!
No target in view!
No target in view!
Your transformation is almost over.
Your horns disappear.
Your talons disappear.
An adder comes into view.
An adder is nearby!
An adder is nearby!
An adder is nearby!
You throw a poisoned dart. The poisoned dart hits the adder.
The adder is poisoned.
The adder hisses angrily.
You swing at nothing.
Casting: Beastly Appendage (safe; 12% risk of failure)
Confirm with . or Enter, or press ? or * to list all spells.
You grow a pair of large bovine horns.
Your feet morph into talons.
Malevolent energies surge around you. The adder closely misses you.
You miss the adder.
The adder is lightly wounded.
The adder bites you.
You are poisoned.
The adder poisons you!
You miss the adder. Your punch misses the adder.
The adder is lightly wounded.
You feel sick. The adder bites you.
You are more poisoned.
The adder poisons you!
You closely miss the adder. You claw the adder, but do no damage.
You headbutt the adder.
The adder is heavily wounded.
You feel sick. The adder barely misses you.
You hit the adder. Your kick misses the adder.
The adder is almost dead.
You feel sick. The adder closely misses you. The adder barely misses you.
You hit the adder but do no damage. You claw the adder, but do no damage.
The adder is almost dead.
You feel sick.
The adder looks more healthy.
The adder misses you.
You closely miss the adder.
The adder is almost dead.
You feel sick. The adder bites you but does no damage.
You closely miss the adder. You claw the adder.
You kill the adder!
You feel sick.
You are too injured to fight recklessly!
You feel sick.
You feel sick.
Your horns disappear.
Your talons disappear.
You feel sick.
You are no longer poisoned.
h - 4 poisoned darts (gained 1)
You see here an adder corpse.
You open the door.
There is an open door here.
Found a stone staircase leading down.
There is a stone staircase leading down here.
A goblin comes into view. It is wielding a +0 club.
A goblin is nearby!
A goblin is nearby!
Found a scroll labelled XAAROK PAKEGET.
The goblin shouts!
Found a stone staircase leading up.
A bat comes into view.
An endoplasm comes into view.
The goblin barely misses you.
You hit the goblin but do no damage. You hit the goblin.
The goblin is moderately wounded.
The goblin barely misses you.
You grow a pair of large bovine horns.
Your feet morph into talons.
Malevolent energies surge around you.
The bat suddenly stops moving!
The goblin suddenly stops moving!
The helpless goblin fails to defend itself.
You hit the goblin. You claw the goblin.
You kill the goblin!
The helpless bat fails to defend itself.
You hit the bat.
You kill the bat!
You hit the endoplasm.
You kill the endoplasm!
Your transformation is almost over.
No target in view!
No target in view!
No target in view!
No target in view!
No target in view!
No target in view!
No target in view!
No target in view!
No target in view!
You now have 170 gold pieces (gained 6).
Your horns disappear.
Your talons disappear.
c - 2 scrolls labelled XAAROK PAKEGET (gained 1)
You open the door.
There is an open door here.
d - 5 scrolls labelled JIMYHA XOPN (gained 1)
An adder comes into view.
Found a blackened zirconium amulet.
An adder is nearby!
An adder is nearby!
An adder is nearby!
A giant cockroach comes into view.
The adder completely misses you.
You miscast Beastly Appendage.
You are very lightly contaminated with residual magic.
Nothing appears to happen.
The adder bites you.
You hit the adder.
The adder is moderately wounded.
The adder closely misses you.
You grow a pair of large bovine horns.
Your feet morph into talons.
Malevolent energies surge around you.
The adder suddenly stops moving!
The helpless adder fails to defend itself.
You hit the adder but do no damage. You claw the adder. You headbutt the adder.
The adder is severely wounded.
The helpless adder fails to defend itself.
You punch the adder!
You kill the adder!
The giant cockroach bites you.
You see here an adder corpse.
You punch the giant cockroach!
You kill the giant cockroach!
Your transformation is almost over.
No target in view!
No target in view!
No target in view!
No target in view!
Your magical contamination has completely faded away.
Your horns disappear.
Your talons disappear.
p - an amulet of reflection You start putting on your amulet.
You continue putting on your amulet of reflection. x5
You finish putting on your amulet of reflection.
You feel a shielding aura gather around you.
p - an amulet of reflection (around neck)
An adder comes into view.
Found a leather armour.
An adder is nearby!
An adder is nearby!
An adder is nearby!
The adder hisses angrily.
The adder bites you.
You grow a pair of large bovine horns.
Your feet morph into talons.
Malevolent energies surge around you.
The adder suddenly stops moving!
The helpless adder fails to defend itself.
You hit the adder. You headbutt the adder.
The adder is heavily wounded.
The helpless adder fails to defend itself.
You punch the adder!
You kill the adder!
You have reached level 5!
Your transformation is almost over.
Your horns disappear.
Your talons disappear.
c - 3 scrolls labelled XAAROK PAKEGET (gained 1)
You see here an adder corpse.
Found a stone staircase leading down.
You open the door.
Found a trident.
There is an open door here.
d - 6 scrolls labelled JIMYHA XOPN (gained 1)
q - a fuming inky potion
Found 3 stones.
You see here 3 stones.
r - a brown potion
d - 7 scrolls labelled JIMYHA XOPN (gained 1)
You now have 180 gold pieces (gained 10).
A hobgoblin comes into view.
A hobgoblin is nearby!
A hobgoblin is nearby!
The hobgoblin shouts!
Found a stone staircase leading up.
The hobgoblin barely misses you.
You barely miss the hobgoblin. The hobgoblin closely misses you.
You hit the hobgoblin.
The hobgoblin is almost dead.
The hobgoblin misses you.
You closely miss the hobgoblin.
The hobgoblin is almost dead.
The hobgoblin closely misses you.
A hobgoblin is nearby!
A hobgoblin is nearby!
You hit the hobgoblin but do no damage.
The hobgoblin is almost dead.
The hobgoblin barely misses you.
You barely miss the hobgoblin.
The hobgoblin is almost dead.
The hobgoblin barely misses you.
You barely miss the hobgoblin.
The hobgoblin is almost dead.
The hobgoblin barely misses you.
You hit the hobgoblin.
You kill the hobgoblin!
A rat comes into view.
A rat is nearby!
A rat is nearby!
A rat is nearby!
The rat closely misses you.
You hit the rat.
You kill the rat!
No target in view!
No target in view!
No target in view!
No target in view!
No target in view!
No target in view!
No target in view!
You now have 193 gold pieces (gained 13).
Key pressed, stopping explore.
You see here a +0 club.
You see here an adder skeleton.
A dart slug comes into view.
A dart slug is nearby!
A dart slug is nearby!
You hit the dart slug.
The dart slug is moderately wounded.
You block the dart slug's attack.
You hit the dart slug but do no damage.
The dart slug is moderately wounded.
You punch the dart slug!
You kill the dart slug!
No target in view!
No target in view!
No target in view!
No target in view!
No target in view!
No target in view!
No target in view!
An endoplasm comes into view.
The endoplasm quivers.
An endoplasm is nearby!
An endoplasm is nearby!
An endoplasm is nearby!
You punch the endoplasm!
You kill the endoplasm!
No target in view!
No target in view!
No target in view!
No target in view!
No target in view!
No target in view!
No target in view!
No target in view!
No target in view!
An orc priest comes into view. It is wielding a +0 whip.
An orc priest is nearby!
An orc priest is nearby!
An orc priest is nearby!
The orc priest shouts!
An orc comes into view. It is wielding a +0 flail.
An orc wizard comes into view. It is wielding a +0 dagger.
The orc priest looks encouraged for a moment.
You grow a pair of large bovine horns.
Your feet morph into talons.
Malevolent energies surge around you.
The orc shouts!
The orc wizard shouts!
An orc priest breaks down the door.
Found a stone staircase leading down.
You barely miss the orc priest. You claw the orc priest.
The orc priest is moderately wounded.
You closely miss the orc. You claw the orc, but do no damage.
Your headbutt misses the orc.
The orc wizard gestures wildly while chanting.
The orc wizard flickers and vanishes!
Deactivating autopickup; reactivate with Ctrl-A.
You completely miss the orc. Your kick misses the orc.
You block the orc's attack.
The orc priest invokes the aid of Beogh against you.
Beogh smites you!
You closely miss the orc. You claw the orc, but do no damage.
Your headbutt misses the orc. The orc barely misses you.
You hit the orc.
The orc is severely wounded.
An orc comes into view. It is wielding a +0 hand axe.
Casting: Beastly Appendage (safe; 12% risk of failure)
Confirm with . or Enter, or press ? or * to list all spells.
You extend your transformation's duration.
Malevolent energies surge around you. The orc misses you.
The orc priest barely misses you.
Casting: Beastly Appendage (safe; 12% risk of failure)
Confirm with . or Enter, or press ? or * to list all spells.
You fail to extend your transformation any further.
Malevolent energies surge around you.
The orc priest suddenly stops moving!
The orc hits you with a +0 flail.
The helpless orc priest fails to defend itself.
You punch the orc priest!
The orc priest is severely wounded.
The orc barely misses you.
The helpless orc priest fails to defend itself.
You hit the orc priest.
You claw the orc priest, but do no damage.
You headbutt the orc priest.
You kill the orc priest!
The orc closely misses you.
You hit the orc but do no damage. Your kick misses the orc.
The orc is severely wounded.
You hit the orc. Your headbutt misses the orc.
The orc is almost dead.
You block the orc's attack. Something hits you but does no damage.
You punch the orc!
You kill the orc!
You barely miss the orc. You claw the orc. Your headbutt misses the orc.
The orc is severely wounded.
Something hits you. You block the orc's attack.
You punch the orc!
You kill the orc!
Your transformation is almost over.
You hear some strange, mumbled words.
Something tries to affect you, but you resist.
You hit something but do no damage. Your kick misses something.
Your headbutt misses something. Something hits you.
* * * LOW HITPOINT WARNING * * *
You hit something. Something hits you but does no damage.
You miss something. Your kick misses something. Your headbutt misses something.
Something hits you.
* * * LOW HITPOINT WARNING * * *
Casting: Beastly Appendage (safe; 12% risk of failure)
Confirm with . or Enter, or press ? or * to list all spells.
You extend your transformation's duration.
Malevolent energies surge around you. Something hits you.
* * * LOW HITPOINT WARNING * * *
You hit something but do no damage. Your headbutt misses something.
Your punch misses something. Something hits you.
* * * LOW HITPOINT WARNING * * *
You closely miss something. You claw something. Something hits you.
* * * LOW HITPOINT WARNING * * *
You barely miss something.
Casting: Beastly Appendage (safe; 12% risk of failure)
Confirm with . or Enter, or press ? or * to list all spells.
You extend your transformation's duration.
Malevolent energies surge around you.
You hear some strange, mumbled words.
A magic dart appears from out of thin air!
The magic dart hits you.
* * * LOW HITPOINT WARNING * * *
You barely miss something. Something hits you but does no damage.
You miss something. You headbutt something.
You hear some strange, mumbled words.
A magic dart appears from out of thin air!
The magic dart hits you!
You die...

#.......##...###.....
######.♣#####♣.#.#.#
###... #....# ...
#.###.# #... #....# #
♣.♣ #.# #.# #...
#....# #..>..#.# #.#
#... #....# .♣.♣.#.#
#.# #.[. #.†..# ...
#.# #.# ####
#....#.♣##{##♣.# #.#
#....##..)@...## #.#
##.....########## #.#
#...........# #.#
#.## #...........#
#.# #..##
#...........# #.#
##..# #...####.##.#
#.# ##.### #...#
#.##.# #.# #...####
#...# #.##.###.#
###..... #...#
#.##.....############


There were no monsters in sight!

Vanquished Creatures
  2 orc priests (D:3)
  6 adders
  2 dart slugs
  4 orcs (D:3)
  3 ball pythons (D:1)
  5 bats
  8 endoplasms
  2 giant cockroaches
  7 goblins
  9 hobgoblins
  3 jackals (D:1)
  3 kobolds
  3 quokkas
  A frilled lizard (D:1)
  2 rats
60 creatures vanquished.

Notes
Turn   | Place    | Note
-------+----------+-------------------------------------------
     0 | D:1      | sleeves the Demonspawn Transmuter began the quest for the
                  | Orb.
     0 | D:1      | Reached XP level 1. HP: 15/15 MP: 3/3
   126 | D:1      | Reached skill level 3 in Unarmed Combat
   225 | D:1      | Gained mutation: Spells you cast may paralyse adjacent
                  | enemies. [demonic ancestry]
   225 | D:1      | Reached XP level 2. HP: 21/21 MP: 5/5
   325 | D:1      | HP: 10/21 [jackal (3)]
   330 | D:1      | HP: 6/21 [ball python (2)]
   656 | D:1      | Reached XP level 3. HP: 24/26 MP: 6/6
   973 | D:2      | Reached skill level 4 in Unarmed Combat
  1069 | D:2      | Found a shimmering blue altar of Sif Muna.
  1239 | D:2      | Reached XP level 4. HP: 28/32 MP: 5/7
  1761 | D:3      | HP: 13/32 [orc priest/divine providence (13)]
  1849 | D:3      | Reached skill level 5 in Unarmed Combat
  2220 | D:3      | Reached XP level 5. HP: 34/37 MP: 6/8
  2597 | D:3      | HP: 18/37 [something (3)]
  2602 | D:3      | HP: 11/37 [something (2)]
  2606 | D:3      | Killed from afar by an orc wizard

Illustrated notes

Levels and vault maps discovered:
D:1:      lightli_arrival_lavapool, layout_loops_ring, kennysheep_nondescript
D:2:      layout_basic, basic_altar, minivault_14
D:3:      layout_basic, grunt_ministairs_11

Skill      XL: |  1  2  3  4 |
---------------+-------------+-----
Unarmed Combat | 3 4 5 |  5.6
Fighting       | |  1.0
Dodging        | |  1.7
Spellcasting   | |  2.0
Transmutations | |  1.7

Action                   |  1- 3 |  4- 6 || total
-------------------------+-------+-------++-------
Melee: Unarmed           |    96 |    79 ||   175
       Kick              |     8 |    19 ||    27
       Headbutt          |     5 |     7 ||    12
       Punch             |     2 |       ||     2
Throw: Dart              |     7 |     2 ||     9
 Cast: Beastly Appendage |    10 |    14 ||    24
 Stab: Paralysed         |     3 |     8 ||    11
Armor: Robe              |    17 |     9 ||    26
Dodge: Dodged            |    57 |    38 ||    95
Block: Other             |       |     4 ||     4

Table legend: (Time is in decaauts)
 A = Elapsed time spent in this place.
 B = Non-inter-level travel time spent in this place.
 C = Inter-level travel time spent in this place.
 D = Time resting spent in this place.
 E = Time spent auto-exploring this place.
 F = Levels seen in this place.
 G = Mean time per level.
                   A        B        C        D        E       F      G
               +--------+--------+--------+--------+--------+-----+--------+
         Total |   2595 |   2533 |     62 |     63 |   2059 |   3 |  865.0 |
       Dungeon |   2595 |   2533 |     62 |     63 |   2059 |   3 |  865.0 |
               +--------+--------+--------+--------+--------+-----+--------+

Top non-repeatable levels by time:
     D:2: 981 daAuts
     D:1: 821 daAuts
     D:3: 792 daAuts
